 Dungeon Sprint DCSS version 0.29-a0-789-g7a8fcbc185 (webtiles) character file.

Game seed: 12045698156932307350

4515 mhtbhm the Severer (level 10, -10/147 HPs)
             Began as a Palentonga Berserker on July 2, 2022.
             Was the Champion of Trog.
             Mangled by a naga warrior
             ... wielding a +0 long sword
              (48 damage)
             ... in the Dungeon (Sprint VII: "The Pits").
             The game lasted 00:03:11 (1611 turns).

mhtbhm the Severer (Palentonga Berserker)           Turns: 1611, Time: 00:03:11

Health: -10/147    AC: 19    Str: 25    XL:     10   Next: 16%
Magic:  10/10      EV:  9    Int:  8    God:    Trog [******]
Gold:   0          SH:  0    Dex: 15    Spells: 9/9 levels left

rFire   . . .      SeeInvis +   a - +5 battleaxe "Jellybane" {vorpal, rC+}
rCold   + . .      Faith    .   (shield currently unavailable)
rNeg    . . .      Spirit   .   b - +5 ring mail
rPois   .          Reflect  .   (no helmet)
rElec   .          Harm     .   (no cloak)
rCorr   .          Rampage  .   (no gloves)
Will    .....      NoTele   +   (no barding)
Stlth   ..........              (no amulet)
HPRegen 0.34/turn               l - +3 ring of dexterity
MPRegen 0.12/turn               m - +3 ring of dexterity

@: berserking, constricted, curled up, very quick
A: large, rugged brown scales 3, see invisible, deformed body, roll 1, armoured
tail, reflexive curl
a: Rolling Charge, Renounce Religion, Berserk, Trog's Hand, Brothers in Arms


You were in the Dungeon.
You worshipped Trog.
Trog was exalted by your worship.
You visited 1 branch

Inventory:

Hand Weapons
 a - the +5 battleaxe "Jellybane" (weapon) {vorpal, rC+}
   (Trog gifted it to you in the Dungeon)

   It inflicts extra damage upon your enemies.
   rC:        It protects you from cold.
Missiles
 k - 5 javelins
Armour
 b - a +5 ring mail (worn)
Jewellery
 l - a +3 ring of dexterity (left hand)
 m - a +3 ring of dexterity (right hand)
Scrolls
 h - a scroll of blinking
 j - a scroll of summoning
Potions
 c - 6 potions of curing
 d - 13 potions of heal wounds
 e - a potion of haste
 f - 4 potions of magic
 g - 3 potions of berserk rage
 i - 2 potions of invisibility
 n - a potion of mutation


   Skills:
 + Level 13.0 Fighting
 + Level 16.8 Axes
 + Level 7.1 Armour
 + Level 6.6 Dodging
 + Level 3.1 Stealth


You had 9 spell levels left.
You didn't know any spells.
Your spell library was empty.

Dungeon Overview and Level Annotations

Branches:
Dungeon (1/1)

Altars:
Ashenzari
Cheibriados
Dithmenos
Elyvilon
Fedhas
Gozag
Hepliaklqana
Kikubaaqudgha
Makhleb
Nemelex Xobeh
Okawaru
Qazlal
Ru
Sif Muna
Trog
Uskayaw
Vehumet
Wu Jian
Xom
Yredelemnul
Zin
The Shining One
Jiyva
Lugonu


Innate Abilities, Weirdness & Mutations

You are completely covered in rugged brown scales. (AC +3, +7% HP)
You have supernaturally acute eyesight. (SInv)
Armour fits poorly on your strangely shaped body.
You can roll at nearby foes to attack.
You have a long armoured tail.
You curl defensively after being hit. (AC +7*)


Message History

The basilisk gazes at you. You resist with some effort.
The naga mage hits you with a +0 whip!! The naga mage grabs you.
The naga mage constricts you.
You slice the basilisk!!
The basilisk is severely wounded.
You slash the naga mage!
You feel sick.
You slash the basilisk!
You kill the basilisk!
Trog accepts your kill.
You slash the naga mage!
The naga mage hits you but does no damage.
The naga mage constricts you.
Your Armour skill increases to level 7!
You escape the naga mage's grasp.
You feel sick.
The naga warrior hits you from afar with a +0 trident!!
The naga warrior hits you with a +0 long sword!!
The naga warrior grabs you. The naga warrior constricts you.
Unknown command.
You slash the naga warrior!
The naga warrior is moderately wounded.
You closely miss the naga mage.
You feel sick. The naga warrior closely misses you.
The naga warrior constricts you.
The naga warrior hits you from afar with a +0 trident!
The naga mage casts a spell.
The naga mage seems to speed up.
You slice the naga warrior!!
The naga warrior is severely wounded.
You slice the naga mage!!
You kill the naga mage!
Trog accepts your kill.
Trog appreciates your killing of a magic user.
The naga hits you from afar with a +0 halberd!
* * * LOW HITPOINT WARNING * * *
Your Fighting skill increases to level 13!
You closely miss the naga warrior.
The naga warrior is severely wounded.
You feel sick.
You are no longer poisoned.
The naga warrior hits you with a +0 long sword!!!
You die...

#++#############
#.......).N.....
#.......@NN.....
#..#############
#..# #..# #..#
#..# #..# #..#
#########.)#


You could see 2 naga warriors and a naga (strong).

Vanquished Creatures
  A rakshasa (D)
  A death yak (D)
  Urug (D)
  An elephant (D)
  A naga mage (D)
  A troll (D)
  5 yaks (D)
  A basilisk (D)
  4 vampire mosquitoes (D)
  A floating eye (D)
  An ice beast (D)
  A black bear (D)
  2 boudas (D)
  An iron imp (D)
  2 orc priests (D)
  2 orc wizards (D)
  8 gnolls (D)
  An adder (D)
  2 endoplasms (D)
  A giant cockroach (D)
  A hobgoblin (D)
  3 jackals (D)
  A kobold (D)
  A ball python skeleton (D)
  3 bats (D)
  A rat (D)
48 creatures vanquished.

Notes
Turn   | Place    | Note
-------+----------+-------------------------------------------
     0 | D        | mhtbhm the Palentonga Berserker began the quest for the
                  | Orb.
     0 | D        | Reached XP level 1. HP: 19/19 MP: 1/1
    17 | D        | Found a bloodstained altar of Trog.
    17 | D        | Found a shimmering blue altar of Sif Muna.
    17 | D        | Found a viscous altar of Jiyva.
    17 | D        | Found a hazy altar of Hepliaklqana.
    17 | D        | Found an opulent altar of Gozag.
    18 | D        | Found a glowing golden altar of the Shining One.
    18 | D        | Found a glowing silver altar of Zin.
    18 | D        | Found a basalt altar of Yredelemnul.
    18 | D        | Found a shimmering altar of Xom.
    18 | D        | Found an ornate altar of the Wu Jian Council.
    18 | D        | Found a sacrificial altar of Ru.
    18 | D        | Found a stormy altar of Qazlal.
    18 | D        | Found an iron altar of Okawaru.
    18 | D        | Found a sparkling altar of Nemelex Xobeh.
    18 | D        | Found a burning altar of Makhleb.
    18 | D        | Found a blossoming altar of Fedhas.
    18 | D        | Found a white marble altar of Elyvilon.
    18 | D        | Found a shadowy altar of Dithmenos.
    18 | D        | Found a snail-covered altar of Cheibriados.
    20 | D        | Found a radiant altar of Vehumet.
    20 | D        | Found a corrupted altar of Lugonu.
    65 | D        | Reached ** piety under Trog
   104 | D        | Noticed a floating eye
   108 | D        | Killed a floating eye
   109 | D        | Reached skill level 6 in Axes
   109 | D        | Reached XP level 2. HP: 24/29 MP: 2/2
   109 | D        | Reached XP level 3. HP: 30/36 MP: 3/3
   109 | D        | Reached XP level 4. HP: 35/42 MP: 4/4
   215 | D        | Reached *** piety under Trog
   238 | D        | Reached skill level 7 in Axes
   238 | D        | Reached XP level 5. HP: 24/50 MP: 5/5
   238 | D        | Reached **** piety under Trog
   592 | D        | Noticed an ice beast
   599 | D        | Noticed a black bear
   603 | D        | Reached skill level 8 in Axes
   603 | D        | Reached ***** piety under Trog
   606 | D        | Killed an ice beast
   607 | D        | Reached skill level 9 in Axes
   607 | D        | Reached skill level 1 in Stealth
   607 | D        | Reached XP level 6. HP: 60/60 MP: 6/6
   612 | D        | Reached skill level 10 in Axes
   757 | D        | Noticed Urug
   776 | D        | Killed Urug
   776 | D        | Identified the +5 battleaxe "Jellybane" {vorpal, rC+} (Trog
                  | gifted it to you in the Dungeon)
   776 | D        | Received a gift from Trog
   777 | D        | Reached skill level 10 in Fighting
   777 | D        | Reached skill level 12 in Axes
   777 | D        | Reached skill level 5 in Dodging
   777 | D        | Gained mutation: You curl defensively after being hit. (AC
                  | +7*) [Palentonga growth]
   777 | D        | Reached XP level 7. HP: 60/70 MP: 7/7
   777 | D        | Reached XP level 8. HP: 66/77 MP: 8/8
   940 | D        | Noticed a troll
   947 | D        | Killed a troll
   951 | D        | Received a gift from Trog
   954 | D        | Reached skill level 13 in Axes
  1091 | D        | Found a hide-covered altar of Uskayaw.
  1091 | D        | Found an ancient bone altar of Kikubaaqudgha.
  1091 | D        | Found a broken altar of Ashenzari.
  1174 | D        | Reached skill level 5 in Armour
  1177 | D        | Received a gift from Trog
  1183 | D        | Reached skill level 14 in Axes
  1184 | D        | Reached XP level 9. HP: 85/86 MP: 9/9
  1185 | D        | Reached ****** piety under Trog
  1187 | D        | Received a gift from Trog
  1188 | D        | Reached skill level 15 in Axes
  1457 | D        | Noticed a death yak
  1457 | D        | Noticed a rakshasa
  1457 | D        | Noticed an elephant
  1461 | D        | Killed an elephant
  1464 | D        | Killed a rakshasa
  1465 | D        | Reached skill level 16 in Axes
  1469 | D        | Killed a death yak
  1470 | D        | Reached XP level 10. HP: 91/97 MP: 10/10
  1600 | D        | Noticed a naga mage
  1601 | D        | Noticed a naga warrior
  1602 | D        | Noticed a naga warrior
  1610 | D        | Killed a naga mage
  1611 | D        | Mangled by a naga warrior

Illustrated notes

Levels and vault maps discovered:
D:        pitsprint [storerooms_1, entrance_room_1, metal_vault_3, armoury_2,
          mini_pit_1, grid_room_1, main_hall_1, silver_pit, the_coven_3,
          the_vestibule_1, steel_vault_4, golden_pit, hallway_of_sentries,
          crystal_vault_6, iron_vault_5, final_vault]

Skill      XL: |  1  2  3  4  5  6  7  8  9 10 |
---------------+-------------------------------+-----
Fighting       | 6 8 10 11 12 13 | 13.0
Axes           | 6 7 9 12 14 16 | 16.8
Armour         | 2 3 4 5 6 7 |  7.1
Dodging        | 2 3 4 5 6 |  6.6
Stealth        | 1 2 3 |  3.1

Action                   |  1- 3 |  4- 6 |  7- 9 | 10-12 || total
-------------------------+-------+-------+-------+-------++-------
Melee: Hand axe          |    10 |    42 |       |       ||    52
       Tailslap          |     4 |     4 |     4 |       ||    12
       Punch             |     1 |       |       |       ||     1
       Battleaxe         |       |       |    39 |     5 ||    44
Invok: Berserk           |     1 |     3 |     3 |     1 ||     8
  Use: Potion            |       |     3 |       |       ||     3
Armor: Animal skin       |       |    16 |       |       ||    16
       Ring mail         |       |    10 |    14 |     1 ||    25
Dodge: Dodged            |     3 |    36 |    19 |     2 ||    60

Table legend: (Time is in decaauts)
 A = Elapsed time spent in this place.
 B = Non-inter-level travel time spent in this place.
 C = Inter-level travel time spent in this place.
 D = Time resting spent in this place.
 E = Time spent auto-exploring this place.
 F = Levels seen in this place.
 G = Mean time per level.
                   A        B        C        D        E       F      G
               +--------+--------+--------+--------+--------+-----+--------+
         Total |   1662 |   1662 |      0 |   1173 |     65 |   1 | 1662.0 |
       Dungeon |   1662 |   1662 |      0 |   1173 |     65 |   1 | 1662.0 |
               +--------+--------+--------+--------+--------+-----+--------+

Top non-repeatable levels by time:
       D: 1662 daAuts
